 Dungeon Crawl Stone Soup version 0.25-a0-589-g1e14c549ee (webtiles) character file.

Game seed: 1287540021050104971, levelgen mode: deterministic

24 An17 the Sneak (level 2, 15/15 HPs)
             Began as a Vampire Enchanter on Mar 9, 2020.
             Safely got out of the dungeon.
             The game lasted 00:04:33 (1003 turns).

An17 the Sneak (Vampire Enchanter)                  Turns: 1003, Time: 00:04:34

Health: 15/15      AC:  2    Str:  7    XL:     2   Next: 79%
Magic:  5/5        EV: 13    Int: 17    God:
Gold:   27         SH:  0    Dex: 14    Spells: 2/5 levels left

rFire    . . .     SeeInvis +   a - +1 dagger
rCold    + + .     Gourm    .   (no shield)
rNeg     + + +     Faith    .   b - +0 robe
rPois    ∞         Spirit   .   (no helmet)
rElec    .         Reflect  .   (no cloak)
rCorr    .         Harm     .   (no gloves)
MR       .....                  (no boots)
Stlth    +++++.....             (no amulet)
HPRegen  0.05/turn              (no ring)
MPRegen  0.09/turn              (no ring)

@: bloodless
A: no food, fangs 3, see invisible, unbreathing
a: Revivify


You escaped.
You were bloodless.

You visited 1 branch of the dungeon, and saw 2 of its levels.

You collected 27 gold pieces.

Inventory:

Hand Weapons
 a - a +1 dagger (weapon)
Armour
 b - a +0 robe (worn)
Scrolls
 e - a scroll of remove curse
Potions
 c - a potion of flight
 d - 2 potions of might


   Skills:
 + Level 1.3 Short Blades
 * Level 2.6 Dodging
 + Level 5.2 Stealth
 + Level 2.0 Spellcasting
 + Level 4.8 Hexes


You had 2 spell levels left.
You knew the following spells:

 Your Spells              Type           Power        Failure   Level  Hunger
a - Corona                Hex            ###....      2%          1    N/A
b - Ensorcelled Hibernat  Hex/Ice        #.....       11%         2    N/A

Your spell library contained the following spells:

 Spells                   Type           Power        Failure   Level  Hunger
 Confusing Touch          Hex            ###.....     8%          3    N/A
 Tukima's Dance           Hex            ###.....     8%          3    N/A
 Dazzling Flash           Conj/Hex       #.....       22%         3    N/A

Dungeon Overview and Level Annotations

Branches:
Dungeon (2/15)

Altars:


Innate Abilities, Weirdness & Mutations

You do not eat.
You do not regenerate when monsters are visible.
You are frail without blood (-20% HP).
You can heal yourself when you bite living creatures.
You are immune to poison.
You have razor-sharp teeth.
You have supernaturally acute eyesight. (SInv)
You can survive without breathing.


Message History

Aim: a bat (chance to defeat MR: 58%)
The bat resists with significant effort.
The bat barely misses you.
You closely miss the bat. The bat hits you but does no damage.
The bat hits you but does no damage. The bat closely misses you.
You closely miss the bat. The bat closely misses you.
You hit the bat.
You kill the bat!
You see here a jackal skeleton.
There is a stone staircase leading up here.
Your magical contamination has completely faded away.
You climb upwards.
There is a stone staircase leading down here.
Magic restored.
You open the door.
There is an open door here.
There is a staircase leading out of the dungeon here.
Are you sure you want to leave the Dungeon?
This will make you lose the game!
You have escaped!

#.......###....................#.
#..............................#.
#...........##.##...(..........##
#..................(..##.......##
##....#.....####'####............
#....#.....#.......#####........
#.........##.8.8.8.#............
#.........##.......#............
#......>...+.8.@.8.'............
#..........#.......#............
#....##....#.8.8.8.#...#........
##....##.##.#.......#...+........
#...........####+####...#........
#.#.....................#........
#.####.....#............#........
#..........#............#...#....
###........#....÷...........##...


There were no monsters in sight!

Vanquished Creatures
  4 bats
  3 giant cockroaches
  4 goblins (D:1)
  A hobgoblin (D:1)
  6 jackals
  2 kobolds (D:1)
20 creatures vanquished.

Notes
Turn   | Place    | Note
-------+----------+-------------------------------------------
     0 | D:1      | An17 the Vampire Enchanter began the quest for the Orb.
     0 | D:1      | Reached XP level 1. HP: 13/13 MP: 3/3
   169 | D:1      | Reached skill level 5 in Stealth
   176 | D:1      | Reached XP level 2. HP: 8/19 MP: 1/5
   180 | D:1      | Learned a level 2 spell: Ensorcelled Hibernation
  1003 | D:$      | Safely got out of the dungeon.

Levels and vault maps discovered:
D:1:      doesnt_arrival_eight_statues, layout_basic
D:2:      layout_basic

Skill      XL: |  1 |
---------------+----+-----
Stealth        | 5 |  5.2
Short Blades   | |  1.3
Dodging        | |  2.6
Spellcasting   | |  2.0
Hexes          | |  4.8

Action                   || total
-------------------------++-------
Melee: Dagger            ||   113
       Bite              ||     5
 Cast: Corona            ||     5
       Ensorcelled Hiber ||    11
 Abil: Exsanguinate      ||     1
  Use: Scroll            ||     3
 Stab: Sleeping          ||     6
Armor: Robe              ||    43
Dodge: Dodged            ||   107

Table legend:
 A = Non-vault XP
 B = Vault XP
 C = Vault XP percentage of total XP
 D = Non-vault monster count
 E = Vault monster count
 F = Vault count percentage of total count
                 A         B        C        D         E       F
            +---------+---------+-------+---------+---------+-------
      Total |      35 |       0 |   0.0 |      20 |       0 |   0.0
            +---------+---------+-------+---------+---------+-------
        D:1 |      24 |       0 |   0.0 |      14 |       0 |   0.0
        D:2 |      11 |       0 |   0.0 |       6 |       0 |   0.0
            +---------+---------+-------+---------+---------+-------
